 Dungeon Crawl Stone Soup version 0.22.1-2-g9c5b331 (webtiles) character file.

111 lysyklops the Skirmisher (level 4, -2/41 HPs)
             Began as a Minotaur Fighter on Dec 17, 2018.
             Slain by Grinder (5 damage)
             ... on level 3 of the Dungeon.
             The game lasted 00:05:00 (1764 turns).

lysyklops the Skirmisher (Minotaur Fighter)         Turns: 1764, Time: 00:05:02

Health: -2/41      AC:  7    Str: 21    XL:     4   Next: 62%
Magic:  3/3        EV:  7    Int:  5    God:
Gold:   131        SH:  9    Dex: 10    Spells: 3/3 levels left

rFire    . . .     SeeInvis .   a - +0 long sword
rCold    . . .     Gourm    .   c - +0 shield
rNeg     . . .     Faith    .   b - +0 scale mail
rPois    .         Spirit   .   (helmet restricted)
rElec    .         Reflect  .   (no cloak)
rCorr    .         Harm     .   (no gloves)
MR       .....                  (no boots)
Stlth    ..........             (no amulet)
HPRegen  0.13/turn              (no ring)
MPRegen  0.08/turn              (no ring)

@: no status effects
A: retaliatory headbutt, horns 2
a: no special abilities


You were on level 3 of the Dungeon.
You were very hungry.

You visited 1 branch of the dungeon, and saw 3 of its levels.

You collected 131 gold pieces.

Inventory:

Hand Weapons
 a - a +0 long sword (weapon)
Armour
 b - a +0 scale mail (worn)
 c - a +0 shield (worn)
Jewellery
 n - an uncursed amulet of magic regeneration {unknown}
Scrolls
 e - 2 scrolls of remove curse {unknown}
 g - a scroll of enchant weapon {unknown}
 h - 3 scrolls of teleportation {unknown}
 j - a scroll of amnesia {unknown}
 k - 2 scrolls of identify {unknown}
 o - 2 scrolls of fear {unknown}
Potions
 d - 2 potions of might
 i - a potion of curing {unknown}
 l - 2 potions of heal wounds {unknown}
 m - 2 potions of degeneration {unknown}
 p - 2 potions of brilliance {unknown}
Comestibles
 f - 5 rations


   Skills:
 + Level 4.5 Fighting
 + Level 3.5 Long Blades
 + Level 4.5 Armour
 + Level 4.5 Shields


You had 3 spell levels left.
You didn't know any spells.
Your spell library was empty.

Dungeon Overview and Level Annotations

Branches:
Dungeon (3/15)

Altars:
Uskayaw
Vehumet
Wu Jian

Annotations:
D:3 Grinder


Innate Abilities, Weirdness & Mutations

You reflexively headbutt those who attack you in melee.
You have a pair of horns on your head.


Message History

Grinder hits you. You block Grinder's attack.
Your shield and scale mail prevent you from hitting Grinder.
Grinder is lightly wounded.
Grinder hits you.
You writhe in agony.
You hit Grinder but do no damage. Your headbutt misses Grinder.
Grinder is lightly wounded.
Grinder blinks!
Grinder blinks!
Found 10 gold pieces.
You closely miss Grinder. You headbutt Grinder.
Grinder is lightly wounded.
You block Grinder's attack.
You slash Grinder!
Grinder is heavily wounded.
Grinder hits you.
You writhe in agony.
* * * LOW HITPOINT WARNING * * *
Grinder hits you!
* * * LOW HITPOINT WARNING * * *
You writhe in agony.
You die...

# .#
#########.##
#$.........#
#.........#
#.....5...#
#@# ### #.#
#8...8##.#
#.#
##.....##..
#.#
_....._#.#
#.#
#.....##.#
#.# 8...8
#.# #.#
##>## #..
####.#####
##### ##.
#........#
#..# #.


You could see Grinder.

Vanquished Creatures
  4 adders
  An ooze (D:3)
  A worm (D:3)
  2 dart slugs
  4 leopard geckos
  An orc (D:3)
  3 giant cockroaches
  2 hobgoblins
  6 jackals
  3 ball pythons
  4 bats
  4 frilled lizards
  10 goblins
  8 kobolds
  5 rats
58 creatures vanquished.

Notes
Turn   | Place    | Note
-------+----------+-------------------------------------------
     0 | D:1      | lysyklops the Minotaur Fighter began the quest for the Orb.
     0 | D:1      | Reached XP level 1. HP: 19/19 MP: 0/0
   252 | D:1      | Reached XP level 2. HP: 27/27 MP: 1/1
   853 | D:2      | Reached XP level 3. HP: 30/33 MP: 2/2
  1163 | D:2      | Found an ornate altar of the Wu Jian Council.
  1549 | D:3      | Reached XP level 4. HP: 38/41 MP: 3/3
  1730 | D:3      | Found a hide-covered altar of Uskayaw.
  1732 | D:3      | Found a radiant altar of Vehumet.
  1750 | D:3      | Noticed Grinder
  1764 | D:3      | Slain by Grinder

Skill      XL: |  1  2  3 |
---------------+----------+-----
Fighting       | 4 |  4.5
Shields        | 4 |  4.5
Armour         | 4 |  4.5
Long Blades    | 3 |  3.5

Action                   |  1- 3 |  4- 6 || total
-------------------------+-------+-------++-------
Melee: Long sword        |   114 |    28 ||   142
       Headbutt          |    12 |    10 ||    22
  Eat: Chunk             |     1 |     1 ||     2
Armor: Scale mail        |    44 |     3 ||    47
Dodge: Dodged            |    30 |     5 ||    35
Block: Shield            |    61 |     7 ||    68
       Rpst.: Long sword |     9 |     1 ||    10
